 Dungeon Crawl Stone Soup version 0.26-a0-1040-gbe3abf3417 (webtiles) character file.

Game seed: 14686720597106291964

205 Dracia the Chiller (level 5, -6/35 HPs)
             Began as a Merfolk Ice Elementalist on Dec 11, 2020.
             Mangled by an ice beast (11 damage)
             ... on level 4 of the Dungeon.
             The game lasted 00:04:34 (3705 turns).

Dracia the Chiller (Merfolk Ice Elementalist)       Turns: 3705, Time: 00:04:34

Health: -6/35      AC:  7    Str:  9    XL:     5   Next: 83%
Magic:  7/8        EV: 12    Int: 14    God:
Gold:   199        SH:  0    Dex: 15    Spells: 1/8 levels left

rFire    . . .     SeeInvis .   p - +1 spear
rCold    . . .     Faith    .   (no shield)
rNeg     . . .     Spirit   .   t - +0 leather armour
rPois    .         Reflect  .   (helmet restricted)
rElec    .         Harm     .   (no cloak)
rCorr    .         Rampage  .   (no gloves)
Will     .....                  (no boots)
Stlth    ++........             (no amulet)
HPRegen  0.11/turn              (no ring)
MPRegen  0.11/turn              (no ring)

@: icy armour
A: change form in water, swift swim, stealthy swim, antennae 1, sense
surroundings 1
a: no special abilities


You were on level 4 of the Dungeon.
You visited 1 branch of the dungeon, and saw 4 of its levels.

You collected 199 gold pieces.


Innate Abilities, Weirdness & Mutations

You revert to your normal form in water.
You are very nimble and swift while swimming.
You are very stealthy in the water. (Stealth+)
You have a pair of small antennae on your head.
You passively map a small area around you.


   Skills:
 + Level 3.6 Polearms
 - Level 2.6 Dodging
 - Level 2.1 Stealth
 - Level 2.4 Spellcasting
 * Level 6.6 Ice Magic


You had one spell level left.
You knew the following spells:

 Your Spells              Type           Power        Failure   Level
o - Ozocubu's Armour      Ice            ###.....     6%          3
r - Frozen Ramparts       Ice            ###...       6%          3
z - Freeze                Ice            ###.         1%          1

Your spell library contained the following spells:

 Spells                   Type           Power        Failure   Level
 Hailstorm                Conj/Ice       ##......     63%         4
 Summon Ice Beast         Ice/Summ       ##......     63%         4

Inventory:

Hand Weapons
 c - a +0 dagger
 p - a +1 spear (weapon)
Missiles
 d - 9 poisoned darts
 k - a throwing net {=f=f}
 l - 6 silver javelins
 m - 5 datura-tipped darts
 o - 16 atropa-tipped darts
Armour
 a - a +0 robe
 t - a +0 leather armour (worn)
 x - a +1 helmet
Wands
 v - a wand of iceblast (2)
Scrolls
 b - a scroll of blinking {unknown}
 e - a scroll of enchant armour {unknown}
 f - a scroll of teleportation {@r4@r4}
 h - 2 scrolls of magic mapping
 n - a scroll of remove curse {@r2@r2}
Potions
 g - 4 potions of haste {@q3@q3}
 q - a potion of curing {@q1@q1}

Dungeon Overview and Level Annotations

Branches:
Dungeon (4/15)             Temple (0/1) D:4

Altars:
Yredelemnul

######## #### * #.#....#
##).##..
##......####.......
#..Y....#.#...#....
##@#..........# ,.Y
##8.#..#....#...# ,
#.>...##.#.###......
##.8......#..........
####...............##...
###..#..............##
###
###...................#*
##......................
, ###...................


You could see an ice beast.


Message History

The ice beast closely misses you.
You hit the ice beast but do no damage.
The ice beast is severely wounded.
The ice beast hits you. The ice beast freezes you.
You hit the ice beast but do no damage.
The ice beast is severely wounded.
The ice beast hits you.
* * * LOW HITPOINT WARNING * * *
The ice beast freezes you!
* * * LOW HITPOINT WARNING * * *
You barely miss the ice beast.
The ice beast is severely wounded.
The ice beast hits you but does no damage.
You hit the ice beast.
The ice beast is severely wounded.
The ice beast barely misses you.
You closely miss the ice beast.
The ice beast is severely wounded.
You hit the ice beast.
The ice beast is almost dead.
The ice beast closely misses you.
You barely miss the ice beast.
The ice beast is almost dead.
The ice beast hits you but does no damage.
Your leather armour prevents you from hitting the ice beast.
The ice beast is almost dead.
The ice beast hits you.
* * * LOW HITPOINT WARNING * * *
The ice beast freezes you!
You die...

Skill      XL: |  1  2  3  4  5 |
---------------+----------------+-----
Ice Magic      | 5 6 |  6.6
Polearms       | 1 2 3 |  3.6
Dodging        | |  2.6
Stealth        | |  2.1
Spellcasting   | |  2.4

Action                   |  1- 3 |  4- 6 || total
-------------------------+-------+-------++-------
Melee: Dagger            |     2 |       ||     2
       Spear             |     5 |    81 ||    86
 Cast: Freeze            |    30 |    47 ||    77
       Frozen Ramparts   |       |     2 ||     2
       Ozocubu's Armour  |       |     1 ||     1
  Use: Scroll            |       |     7 ||     7
       Potion            |       |     6 ||     6
 Stab: Sleeping          |     2 |    10 ||    12
Armor: Robe              |     3 |     2 ||     5
       Leather armour    |       |    22 ||    22
Dodge: Dodged            |    26 |    51 ||    77

Levels and vault maps discovered:
D:1:      ldierk_walled_garden, layout_basic
D:2:      minmay_diamond_boxcup, layout_loops_corners, general_overflow_altar,
          uniq_jessica
D:3:      layout_basic, uniq_robin
D:4:      layout_cave_pools, temple_statues

Notes
Turn   | Place    | Note
-------+----------+-------------------------------------------
     0 | D:1      | Dracia the Merfolk Ice Elementalist began the quest for the
                  | Orb.
     0 | D:1      | Reached XP level 1. HP: 13/13 MP: 3/3
   265 | D:1      | Reached XP level 2. HP: 19/19 MP: 3/5
   664 | D:2      | Reached skill level 5 in Ice Magic
  1025 | D:2      | Reached XP level 3. HP: 20/24 MP: 1/6
  1318 | D:2      | Noticed Jessica
  1324 | D:2      | Reached skill level 1 in Polearms
  1328 | D:2      | Killed Jessica
  1329 | D:2      | Reached XP level 4. HP: 18/30 MP: 1/7
  1483 | D:2      | Learned a level 3 spell: Frozen Ramparts
  1487 | D:2      | Learned a level 3 spell: Ozocubu's Armour
  1594 | D:2      | Reached skill level 2 in Polearms
  1774 | D:2      | Found a basalt altar of Yredelemnul.
  2570 | D:3      | Reached skill level 6 in Ice Magic
  2691 | D:3      | Reached XP level 5. HP: 35/35 MP: 6/8
  2890 | D:3      | Reached skill level 3 in Polearms
  3300 | D:3      | Noticed Robin
  3314 | D:3      | Killed Robin
  3527 | D:3      | Identified a potion of resistance
  3532 | D:3      | Gained mutation: You have a pair of small antennae on your
                  | head. [potion of mutation]
  3532 | D:3      | Gained mutation: You passively map a small area around you.
                  | [potion of mutation]
  3650 | D:4      | Found a staircase to the Ecumenical Temple.
  3666 | D:4      | Noticed an ice beast
  3705 | D:4      | Mangled by an ice beast

Vanquished Creatures
  Jessica (D:2)
  A worker ant (D:4)
  Robin (D:3)
  3 gnolls (D:3)
  5 adders
  An ooze (D:3)
  4 worms
  3 leopard geckos
  5 bats
  2 giant cockroaches
  10 goblins
  3 hobgoblins
  2 jackals (D:3)
  4 kobolds
  2 quokkas
  A ball python (D:1)
  A ball python skeleton (D:4)
  6 frilled lizards
  6 rats
61 creatures vanquished.

Vanquished Creatures (others)
  5 toadstools (D:1)
5 creatures vanquished.

Grand Total: 66 creatures vanquished

Table legend: (Time is in decaauts)
 A = Elapsed time spent in this place.
 B = Non-inter-level travel time spent in this place.
 C = Inter-level travel time spent in this place.
 D = Time resting spent in this place.
 E = Time spent auto-exploring this place.
 F = Levels seen in this place.
 G = Mean time per level.
                   A        B        C        D        E       F      G
               +--------+--------+--------+--------+--------+-----+--------+
         Total |   3699 |   3662 |     37 |    536 |   2675 |   4 |  924.8 |
       Dungeon |   3699 |   3662 |     37 |    536 |   2675 |   4 |  924.8 |
               +--------+--------+--------+--------+--------+-----+--------+

Top non-repeatable levels by time:
     D:2: 1541 daAuts
     D:3: 1340 daAuts
     D:1: 656 daAuts
     D:4: 160 daAuts

Table legend:
 A = Non-vault XP
 B = Vault XP
 C = Vault XP percentage of total XP
 D = Non-vault monster count
 E = Vault monster count
 F = Vault count percentage of total count
                 A         B        C        D         E       F
            +---------+---------+-------+---------+---------+-------
      Total |     217 |      77 |  26.2 |      48 |      13 |  21.3
            +---------+---------+-------+---------+---------+-------
        D:1 |      14 |       0 |   0.0 |       9 |       0 |   0.0
        D:2 |      67 |      50 |  42.7 |      16 |       6 |  27.3
        D:3 |     100 |      27 |  21.3 |      20 |       7 |  25.9
        D:4 |      36 |       0 |   0.0 |       3 |       0 |   0.0
            +---------+---------+-------+---------+---------+-------
